 Dungeon Crawl Stone Soup version 0.27-a0-1200-g94dc6ad4cf (webtiles) character file.

Game seed: 17722401100248447998

6281 freelancePsychic the Carver (level 10, -4/75 HPs)
             Began as a Palentonga Fighter on June 1, 2021.
             Was a Plaything of Xom.
             Killed by divine providence
             ... invoked by an orc priest
              (10 damage)
             ... on level 9 of the Dungeon.
             The game lasted 00:20:37 (8573 turns).

freelancePsychic the Carver (Palentonga Fighter)    Turns: 8573, Time: 00:20:38

Health: -4/75      AC: 25    Str: 19 (20) XL:     10   Next: 63%
Magic:  10/10      EV:  3    Int:  8 (9)  God:    Xom [..*...]
Gold:   454        SH: 11    Dex: 18      Spells: 9/9 levels left

rFire    . . .     SeeInvis +   a - +1 long sword
rCold    . . .     Faith    .   c - +0 kite shield
rNeg     . . .     Spirit   .   G - +5 chain mail of Okuixaic {Drain rElec Regen+}
rPois    .         Reflect  .   (helmet restricted)
rElec    +         Harm     .   (no cloak)
rCorr    .         Rampage  .   z - +0 pair of gloves {archery}
Will     .....                  s - +0 barding
Stlth    ..........             (no amulet)
HPRegen  1.22/turn              p - +6 ring of dexterity
MPRegen  0.12/turn              (no ring)

@: brilliant, curled up
A: large, rugged brown scales 3, see invisible, deformed body, roll 1, armoured
tail, reflexive curl, antennae 1, agile 1, deterioration 1, weak 1
a: Rolling Charge, Renounce Religion


You were on level 9 of the Dungeon.
You worshipped Xom.
You were a toy of Xom.
You visited 1 branch of the dungeon, and saw 9 of its levels.
You also visited: Sewer.

You collected 454 gold pieces.

Inventory:

Hand Weapons
 a - a +1 long sword (weapon)
Missiles
 D - 2 throwing nets
Armour
 c - a +0 kite shield (worn)
 l - a +0 pair of gloves
 s - a +0 barding (worn)
 z - a +0 pair of gloves of archery (worn)
 G - the +5 chain mail of Okuixaic (worn) {Drain rElec Regen+}
   (You found it on level 7 of the Dungeon)

   It insulates you from electricity.
   It increases your rate of health regeneration.
   It drains your maximum health when unequipped.
Jewellery
 h - an amulet of faith
 p - a +6 ring of dexterity (left hand)
 B - a ring of see invisible
 F - an amulet of guardian spirit
 I - a ring of ice
Wands
 H - a wand of polymorph (18)
 J - a wand of paralysis (9)
Scrolls
 f - a scroll of fog
 g - 3 scrolls of noise
 k - 2 scrolls of amnesia
 n - a scroll of immolation
 r - 9 scrolls of teleportation {@r4}
 t - a scroll of magic mapping
 u - a scroll of fear
 v - a scroll of blinking
 w - a scroll of enchant weapon
 y - 2 scrolls of vulnerability
 C - 3 scrolls of identify {@r1}
Potions
 b - a potion of degeneration {unknown}
 d - 2 potions of might
 e - 4 potions of haste {@q3}
 i - 5 potions of heal wounds {unknown}
 j - a potion of attraction
 m - 2 potions of magic
 o - 2 potions of invisibility {unknown}
 q - 3 potions of curing {unknown}
 x - 2 potions of flight {unknown}
 A - a potion of lignification {unknown}
 E - a potion of brilliance {unknown}


   Skills:
 - Level 3.7 Fighting
 * Level 12.9 Long Blades
 - Level 2.4 Armour
 + Level 8.0 Shields


You had 9 spell levels left.
You didn't know any spells.
Your spell library contained the following spells:

 Spells                   Type           Power      Damage    Failure   Level
 Foxfire                  Conj/Fire      0%         2x1d4     100%        1
 Shock                    Conj/Air       0%         1d3       100%        1
 Static Discharge         Conj/Air       0%         N/A       100%        2
 Conjure Flame            Conj/Fire      0%         6-21      100%        3
 Inner Flame              Hex/Fire       0%         N/A       100%        3
 Swiftness                Air            0%         N/A       100%        3
 Airstrike                Air            0%         N/A       100%        4
 Sticky Flame             Conj/Fire      0%         2d3       100%        4
 Fireball                 Conj/Fire      0%         3d3       100%        5
 Lightning Bolt           Conj/Air       0%         1d11      100%        5


Dungeon Overview and Level Annotations

Branches:
Dungeon (9/15)             Temple (0/1) D:6             Orc (0/2) D:9
  Sewer (visited)
   Lair: D:8-11

Altars:
Gozag
Nemelex Xobeh
Qazlal
Ru
Wu Jian
Xom
Yredelemnul

Shops:
D:3 [   D:5 !:!*   D:6 [:


Innate Abilities, Weirdness & Mutations

You are completely covered in rugged brown scales. (AC +3, +7% HP)
You have supernaturally acute eyesight. (SInv)
Armour fits poorly on your strangely shaped body.
You can roll at nearby foes to attack.
You have a long armoured tail.
You curl defensively after being hit.
You have a pair of small antennae on your head.
You are agile. (Dex +2)
Your body sometimes deteriorates upon taking damage.
You are weak. (Str -2)


Message History

The orc hits you but does no damage. You block the iron imp's attack.
The orc priest looks satisfied for a moment.
You slash the yak!
The yak is almost dead.
You block the yak's attack. You block the crimson imp's attack.
The shadow imp hits you but does no damage.
The orc hits you but does no damage.
You hit the yak.
You kill the yak!
The orc priest miscasts a cantrip.
The iron imp barely misses you.
You hit the yak.
The yak is moderately wounded.
You block the crimson imp's attack.
The shadow imp hits you but does no damage.
The orc hits you but does no damage. The yak gores you!
You hit the yak.
The yak is moderately wounded.
The crimson imp picks up a beetle and eats it.
You block the crimson imp's attack.
The shadow imp hits you but does no damage.
The crimson imp blinks!
You block the iron imp's attack.
The orc priest looks satisfied for a moment.
The orc hits you with a +0 club.
* * * LOW HITPOINT WARNING * * *
The orc priest calls down the wrath of Beogh upon you.
Beogh smites you!
* * * LOW HITPOINT WARNING * * *
Your body deteriorates!
You feel dopey.
Your chain mail of Okuixaic prevents you from hitting the yak.
The yak is moderately wounded.
You block the yak's attack.
The crimson imp blinks!
You block the crimson imp's attack. The shadow imp hits you.
* * * LOW HITPOINT WARNING * * *
The iron imp hits you but does no damage.
You block the orc's attack.
The orc priest mumbles some strange prayers to Beogh against you.
Beogh smites you!
You die...
Xom cackles wildly!

.......<........#
................#
................##
................>#
................#######
....................Y.Y
################..#####
#Y5# #@5# #5o# §o5Z.
.5o..... #......§...
#.......... #..........
#....5...!.


You could see a yak, an iron imp (summoned), 2 orc priests, 3 crimson imps, 2
shadow imps, an orc and a killer bee zombie.

Vanquished Creatures
  A blink frog (D:7)
  A hornet (D:8)
  13 yaks
  Sigmund (D:2)
  A steam dragon (D:7)
  3 water moccasins
  An orc warrior (D:9)
  A black bear (D:5)
  A sky beast (D:5)
  A hornet zombie (D:7)
  2 ogres
  3 centaurs
  A phantom (D:5)
  7 bullfrogs
  2 scorpions
  A gnoll sergeant (D:6)
  A water moccasin zombie (D:6)
  11 killer bees
  3 howler monkeys (D:8)
  A bullfrog zombie (D:6)
  A centaur zombie (D:7)
  3 jellies
  5 hounds
  A bullfrog skeleton (D:5)
  5 orc priests
  3 gnoll shamans
  5 orc wizards
  2 hound skeletons (D:4)
  Robin (D:4)
  A howler monkey zombie (D:8)
  13 adders
  15 gnolls
  2 howler monkey skeletons
  3 river rats (Sewer)
  3 white imps
  An ufetubus (D:4)
  2 adder skeletons (D:4)
  2 worms
  3 dart slugs
  21 orcs
  4 endoplasms
  5 giant cockroaches
  14 goblins
  11 hobgoblins
  5 iguanas
  4 jackals (D:5)
  10 kobolds
  5 quokkas
  16 ball pythons
  8 bats
  3 frilled lizards
  34 rats
267 creatures vanquished.

Vanquished Creatures (collateral kills)
  A kobold brigand (D:6)
  A white imp (D:6)
  An orc (D:6)
3 creatures vanquished.

Vanquished Creatures (others)
  A scorpion (D:5)
  A water moccasin skeleton (D:5)
  An adder (D:5)
3 creatures vanquished.

Grand Total: 273 creatures vanquished

Notes
Turn   | Place    | Note
-------+----------+-------------------------------------------
     0 | D:1      | freelancePsychic the Palentonga Fighter began the quest for
                  | the Orb.
     0 | D:1      | Reached XP level 1. HP: 19/19 MP: 1/1
   137 | D:1      | Reached XP level 2. HP: 10/25 MP: 2/2
   366 | D:1      | Found a faded altar of an unknown god.
   468 | D:1      | Became a worshipper of Xom of Chaos
   539 | D:1      | XOM: silly message
   780 | D:1      | XOM: divination: detect creatures
   969 | D:2      | Noticed Sigmund
   986 | D:1      | Reached skill level 3 in Long Blades
   986 | D:1      | Reached XP level 3. HP: 4/31 MP: 3/3
  1030 | D:1      | XOM: divination: magic mapping
  1052 | D:1      | XOM: divination: detect items
  1249 | D:1      | XOM: divination: detect items
  1312 | D:2      | XOM: potion effect (curing)
  1315 | D:2      | XOM: potion effect (invisibility)
  1317 | D:2      | XOM: silly message
  1319 | D:2      | Killed Sigmund
  1320 | D:2      | Reached skill level 4 in Long Blades
  1320 | D:2      | Reached XP level 4. HP: 18/37 MP: 4/4
  1320 | D:2      | Reached XP level 5. HP: 22/43 MP: 5/5
  2097 | D:3      | Noticed a necrophage
  2102 | D:3      | XOM: silly message
  2360 | D:3      | XOM: divination: magic mapping
  2407 | D:3      | Reached skill level 5 in Long Blades
  2520 | D:3      | XOM: divination: magic mapping
  2528 | D:3      | Reached XP level 6. HP: 37/50 MP: 6/6
  2695 | D:3      | XOM: blink monster(s)
  2804 | D:3      | XOM: draining
  2832 | D:3      | Found Puttuott's Antique Armour Boutique.
  2875 | D:3      | Found an ornate altar of the Wu Jian Council.
  3054 | D:3      | XOM: polymorph goblin -> bat
  3134 | D:3      | XOM: stat loss: -1 Str (20/21)
  3365 | D:4      | Found a shimmering altar of Xom.
  3422 | D:4      | XOM: 3-stop teleportation journey
  3475 | D:4      | XOM: cleaving
  3479 | D:4      | Reached skill level 6 in Long Blades
  3489 | D:4      | XOM: cast spell 'Alistair's Intoxication'
  3497 | D:4      | XOM: 2-stop teleportation journey
  3732 | D:4      | Found the +2 robe of Vines {NoPotionHeal Regen+++}
  3956 | D:4      | XOM: silly message
  3984 | D:3      | XOM: silly message
  4059 | D:4      | Gained mutation: You curl defensively after being hit.
                  | [Palentonga growth]
  4059 | D:4      | Reached XP level 7. HP: 56/56 MP: 7/7
  4150 | D:4      | XOM: smoke on damage
  4151 | D:4      | XOM: confuse monster(s)
  4155 | D:4      | XOM: 4-stop teleportation journey
  4240 | D:4      | Noticed Robin
  4248 | D:4      | Killed Robin
  4416 | D:4      | XOM: give mutations
  4416 | D:4      | Gained mutation: You have a pair of small antennae on your
                  | head. [Xom's mischief]
  4416 | D:4      | Gained mutation: You are weak. (Str -2) [Xom's mischief]
  4416 | D:4      | Gained mutation: Your body sometimes deteriorates upon
                  | taking damage. [Xom's mischief]
  4416 | D:4      | Gained mutation: You are agile. (Dex +2) [Xom's mischief]
  4593 | D:5      | Entered Level 5 of the Dungeon
  4597 | D:5      | Reached skill level 7 in Long Blades
  4606 | D:5      | Found Mutrot's General Store.
  4632 | D:5      | XOM: summons 2 hostile shadow creatures
  4637 | D:5      | XOM: scenery: create altars
  4639 | D:5      | XOM: fake destruction
  4656 | D:5      | XOM: fog
  4669 | D:4      | Reached XP level 8. HP: 58/64 MP: 8/8
  4680 | D:5      | Reached skill level 8 in Long Blades
  4700 | D:5      | Found Weix's Distillery.
  4745 | D:5      | Found Reown's Book Shoppe.
  4827 | D:5      | Found a glowing drain.
  4831 | Sewer    | Entered a sewer
  4898 | Sewer    | XOM: blink monster(s)
  5042 | Sewer    | XOM: polymorph ball python -> bullfrog
  5044 | Sewer    | XOM: cleaving
  5045 | Sewer    | Reached skill level 5 in Shields
  5171 | D:5      | XOM: divine lightning
  5182 | D:5      | Found Vecuw's Distillery.
  5218 | D:5      | Reached skill level 9 in Long Blades
  5556 | D:6      | Found Hyomun's Book Shop.
  5588 | D:6      | XOM: smoke on damage
  5589 | D:6      | XOM: butterfly on damage
  5673 | D:6      | Found an opulent altar of Gozag.
  5707 | D:6      | Found Diustro's Armour Shop.
  5851 | D:6      | XOM: cast spell 'Shadow Creatures'
  5880 | D:6      | Reached XP level 9. HP: 69/69 MP: 9/9
  5886 | D:6      | XOM: noise
  5899 | D:6      | Reached skill level 10 in Long Blades
  5908 | D:6      | XOM: cast spell 'Discord'
  6004 | D:6      | XOM: god gift: 32 gold pieces
  6015 | D:6      | XOM: chaos cloud
  6032 | D:6      | XOM: confusion (+ monsters)
  6180 | D:6      | Found a stormy altar of Qazlal.
  6295 | D:6      | XOM: divination: detect items
  6363 | D:6      | Found a staircase to the Ecumenical Temple.
  6770 | D:7      | XOM: destruction
  6772 | D:7      | Identified the +5 chain mail of Okuixaic {Drain rElec
                  | Regen+}
  6778 | D:7      | XOM: polymorph yak -> blink frog
  6780 | D:7      | XOM: enchant monster (bad)
  6785 | D:7      | Reached skill level 11 in Long Blades
  6791 | D:7      | XOM: potion effect (invisibility)
  7013 | D:7      | Found a sparkling altar of Nemelex Xobeh.
  7143 | D:7      | XOM: divination: detect creatures
  7250 | D:7      | Found a basalt altar of Yredelemnul.
  7439 | D:7      | XOM: silly message
  7680 | D:8      | XOM: potion effect (haste)
  7685 | D:8      | Reached XP level 10. HP: 57/75 MP: 10/10
  7790 | D:8      | XOM: divination: detect creatures
  7832 | D:8      | XOM: silly message
  7865 | D:8      | Found a sacrificial altar of Ru.
  7899 | D:8      | XOM: smoke on damage
  7923 | D:8      | Reached skill level 12 in Long Blades
  8142 | D:8      | Paralysed by a hornet for 3 turns
  8143 | D:8      | XOM: potion effect (curing)
  8146 | D:8      | XOM: divination: detect items
  8147 | D:8      | XOM: cast spell 'Leda's Liquefaction'
  8153 | D:8      | Paralysed by a hornet for 3 turns
  8154 | D:8      | XOM: noise
  8157 | D:8      | XOM: divination: detect creatures
  8181 | D:8      | XOM: fog
  8270 | D:8      | XOM: god gift: scroll of immolation
  8545 | D:9      | Found a staircase to the Orcish Mines.
  8553 | D:9      | XOM: summons 6 hostile demons
  8555 | D:9      | XOM: potion effect (brilliance)
  8573 | D:9      | Killed from afar by an orc priest

Illustrated notes

Levels and vault maps discovered:
D:1:      minmay_arrival_solitary_statue, layout_loops_cross,
          shapermc_ecumenical_altar_totnotflames
D:2:      layout_basic, uniq_sigmund
D:3:      layout_rooms, pdpol_wu_jian_five_deadly_venoms, serial_shops,
          nicolae_shop_statue_plus, minmay_goblin_outpost
D:4:      minmay_recursive_quarters, layout_loops_ring, dk_xom_monty_hall,
          chequers_serial_rivers_room_a, minmay_unequal, uniq_robin
D:5:      layout_cave_pools, gup_sewer_entry_spiral, serial_shops, shop,
          kennysheep_little_box, shop, nicolae_shop_trees, st_stairs_13
D:6:      layout_basic, lemuel_crystal_altar, lemuel_doored_altar,
          lemuel_temple_firewalk_b, serial_shops, shop, shop, hex_intersection,
          minmay_fractal_squares_diagonal_5
D:7:      layout_cave_pods, marbit_many_paths, lemuel_tele_altar,
          kennysheep_flooded_box, chequers_serial_rivers_room_b
D:8:      layout_loops_ring, lemuel_round_altar
D:9:      layout_long_grid, kennysheep_slug_shrine, due_lair_maze_entry_diamond,
          orc_0_dummy

Skill      XL: |  1  2  3  4  5  6  7  8  9 10 |
---------------+-------------------------------+-----
Long Blades    | 3 4 5 6 7 9 11 12 | 12.9
Shields        | 3 4 5 7 8 |  8.0
Fighting       | |  3.7
Armour         | |  2.4

Action                   |  1- 3 |  4- 6 |  7- 9 | 10-12 || total
-------------------------+-------+-------+-------+-------++-------
Melee: Long sword        |    48 |   209 |   490 |   174 ||   921
       Tailslap          |     4 |    28 |    96 |    35 ||   163
Throw: Throwing net      |       |     1 |     1 |       ||     2
 Abil: Rolling Charge    |    15 |    27 |    34 |     6 ||    82
  Use: Potion            |     1 |     1 |       |     1 ||     3
       Scroll            |       |       |    13 |     1 ||    14
 Stab: Invisible         |     2 |       |     7 |       ||     9
       Sleeping          |       |       |     2 |       ||     2
Armor: Scale mail        |    22 |    92 |       |       ||   114
       Robe              |       |     9 |   272 |       ||   281
       Chain mail        |       |       |    40 |   129 ||   169
Dodge: Dodged            |    10 |    45 |   132 |    20 ||   207
Block: Kite shield       |    19 |   104 |   349 |   121 ||   593
       Rpst.: Long sword |     4 |    12 |    37 |     7 ||    60

Table legend: (Time is in decaauts)
 A = Elapsed time spent in this place.
 B = Non-inter-level travel time spent in this place.
 C = Inter-level travel time spent in this place.
 D = Time resting spent in this place.
 E = Time spent auto-exploring this place.
 F = Levels seen in this place.
 G = Mean time per level.
                   A        B        C        D        E       F      G
               +--------+--------+--------+--------+--------+-----+--------+
         Total |   8718 |   8325 |    393 |    655 |   5725 |  10 |  871.8 |
       Dungeon |   8423 |   8030 |    393 |    655 |   5570 |   9 |  935.9 |
         Sewer |    294 |    294 |      0 |      0 |    154 |   1 |  294.0 |
               +--------+--------+--------+--------+--------+-----+--------+

Top non-repeatable levels by time:
     D:1: 1327 daAuts
     D:4: 1298 daAuts
     D:3: 1199 daAuts
     D:7: 1067 daAuts
     D:6: 1019 daAuts
     D:2: 872 daAuts
     D:8: 859 daAuts
     D:5: 753 daAuts
   Sewer: 294 daAuts
     D:9: 26 daAuts
